 Dungeon Crawl Stone Soup version 0.23-b1-58-ge3fafae (webtiles) character file.

Game seed: 3890786511068069035

2076 Kairos the Chopper (level 9, -7/47 HPs)
             Began as a Vine Stalker Fighter on Feb 4, 2019.
             Was an Initiate of Okawaru.
             Killed from afar by an electric eel (8 damage)
             ... with a bolt of electricity
             ... on level 6 of the Dungeon.
             The game lasted 00:13:27 (5791 turns).

Kairos the Chopper (Vine Stalker Fighter)           Turns: 5791, Time: 00:13:28

Health: -7/47      AC: 15    Str: 21    XL:     9   Next: 26%
Magic:  0/10       EV:  7    Int:  8    God:    Okawaru [......]
Gold:   452        SH: 11    Dex: 15    Spells: 8/8 levels left

rFire    . . .     SeeInvis +   a - +0 war axe
rCold    . . .     Gourm    .   c - +0 shield
rNeg     + . .     Faith    .   s - +1 chain mail
rPois    .         Spirit   +   (no helmet)
rElec    .         Reflect  .   r - +0 cloak
rCorr    .         Harm     .   l - +2 pair of gloves
MR       +....                  (no boots)
Stlth    ..........             (no amulet)
HPRegen  0.55/turn              k - ring of see invisible
MPRegen  0.12/turn              t - ring of positive energy

@: no status effects
A: fangs 3, regeneration 1, magic shield, antimagic bite, no potion heal 3, rot
immunity
a: Renounce Religion


You were on level 6 of the Dungeon.
You worshipped Okawaru.
Okawaru was noncommittal.
You were very hungry.

You visited 2 branches of the dungeon, and saw 7 of its levels.

You collected 452 gold pieces.

Inventory:

Hand Weapons
 a - a +0 war axe (weapon)
 w - a +2 whip of freezing
Armour
 c - a +0 shield (worn)
 l - a +2 pair of gloves (worn)
 r - a +0 cloak (worn)
 s - a +1 chain mail (worn)
Jewellery
 k - a ring of see invisible (left hand)
 t - a ring of positive energy (right hand)
Wands
 b - a wand of flame (33)
 v - a wand of acid (10)
 x - a wand of random effects (20)
Scrolls
 e - 3 scrolls of teleportation
 h - 2 scrolls of remove curse
 j - 3 scrolls of identify
 n - 2 scrolls of fog
 q - a scroll of blinking
Potions
 d - a potion of might
 g - 3 potions of mutation {unknown}
 i - a potion of curing {unknown}
 m - 3 potions of resistance {unknown}
 o - 3 potions of flight {unknown}
 p - 2 potions of haste {unknown}
 u - a potion of ambrosia {unknown}
 z - a potion of lignification {unknown}
Comestibles
 f - 14 rations


   Skills:
 + Level 5.0 Fighting
 + Level 6.9 Axes
 + Level 4.5 Armour
 + Level 2.0 Dodging
 + Level 0.2 Stealth
 + Level 6.2 Shields


You had 8 spell levels left.
You didn't know any spells.
Your spell library contained the following spells:

 Spells                   Type           Power        Failure   Level  Hunger
 Animate Skeleton         Necr           N/A          100%        1    ##.....
 Pain                     Necr           #...         100%        1    ##.....
 Regeneration             Chrm/Necr      #.........   100%        3    ####...
 Vampiric Draining        Necr           #.........   100%        3    ####...
 Animate Dead             Necr           N/A          100%        4    #####..


Dungeon Overview and Level Annotations

Branches:
Dungeon (6/15)             Temple (1/1) D:6

Altars:
Ashenzari
Cheibriados
Dithmenos
Elyvilon
Fedhas
Gozag
Hepliaklqana
Kikubaaqudgha
Makhleb
Nemelex Xobeh
Okawaru
Qazlal
Ru
Sif Muna
Trog
Uskayaw
Vehumet
Wu Jian
Xom
Yredelemnul
Zin
The Shining One


Innate Abilities, Weirdness & Mutations

You have razor-sharp teeth.
Your natural rate of healing is unusually fast.
When hurt, damage is shared between your health and your magic reserves.
Your bite disrupts and absorbs the magic of your enemies.
Potions cannot restore your health.
You are immune to rotting.


Message History

You are too injured to fight recklessly!
You are too injured to fight recklessly!
You are too injured to fight recklessly!
You are too injured to fight recklessly!
Unknown command.
The electric eel shoots out a bolt of lightning at you!
The bolt of electricity hits you!
* * * LOW HITPOINT WARNING * * *
You miss the electric eel. Your bite misses the electric eel.
You hit the plant. x2
The electric eel shoots out a bolt of lightning at you!
The bolt of electricity hits the plant!
The bolt of electricity hits you!
* * * LOW HITPOINT WARNING * * *
Unknown command.
You slash the electric eel!
The electric eel is severely wounded.
You hit the plant but do no damage. You hit the plant.
The electric eel shoots out a bolt of lightning at you!
The bolt of electricity hits you!
You die...

≈≈≈♣≈P≈...'..........####
≈≈≈≈PPP####....####.....#
♣≈..PP.........#..#.....#
PPP............#..+.....# ######
...............#..#.....####.....
##'#...........#..#.......##.....
...#...........#..#........#.....
...#####....................)....
.......#........@.........#.#####
.......#......PPP;..P..P≈.#.#
.......#...?..≈≈;≈..PP≈≈P.#.#
...##..#......P≈≈P≈≈≈P≈≈≈.#.#####
#####..#......≈≈≈≈≈≈≈≈≈≈P.#.#....
.......###'###PP≈≈PP≈P≈≈≈.#......
........#.....≈P≈P≈≈≈≈≈≈≈..#.....
........#....♣P≈≈≈≈≈≈≈≈≈≈♣.#.....
#############♣≈≈≈≈≈≈≈≈≈≈;♣.#.####


You could see 2 electric eels.

Vanquished Creatures
  Pikel (D:6)
  Duvessa (D:6)
  A sky beast (D:5)
  An ogre (D:5)
  A centaur (D:4)
  A bullfrog (D:6)
  Dowan (D:6)
  4 scorpions
  An electric eel (D:6)
  A howler monkey (D:4)
  2 crimson imps
  2 orc priests
  A centaur skeleton (D:4)
  A jelly (D:6)
  3 hounds (D:4)
  3 orc wizards
  Crazy Yiuf (D:3)
  3 iguanas
  Terence (D:2)
  5 worker ants
  6 adders
  4 gnolls
  A shadow imp (D:6)
  2 oozes
  An adder skeleton (D:4)
  2 adder zombies
  2 worms
  2 dart slugs
  3 leopard geckos
  22 orcs
  9 bats
  11 giant cockroaches
  11 goblins
  19 hobgoblins
  2 quokkas
  A ball python (D:5)
  7 frilled lizards
  8 kobolds
  8 rats
  A plant (D:6)
157 creatures vanquished.

Vanquished Creatures (others)
  4 slaves (D:6)
  An ogre (D:6)
  An orc (D:6)
6 creatures vanquished.

Grand Total: 163 creatures vanquished

Notes
Turn   | Place    | Note
-------+----------+-------------------------------------------
     0 | D:1      | Kairos the Vine Stalker Fighter began the quest for the
                  | Orb.
     0 | D:1      | Reached XP level 1. HP: 11/11 MP: 2/2
    51 | D:1      | Reached XP level 2. HP: 3/16 MP: 3/3
   459 | D:1      | Reached XP level 3. HP: 15/19 MP: 2/4
   959 | D:2      | Noticed Terence
   986 | D:2      | Killed Terence
   986 | D:2      | Gained mutation: Your natural rate of healing is unusually
                  | fast. [Vine Stalker growth]
   986 | D:2      | Reached XP level 4. HP: 10/24 MP: 5/5
  1199 | D:2      | Reached XP level 5. HP: 28/28 MP: 6/6
  1852 | D:3      | Found a runed translucent door.
  1853 | D:3      | Noticed Crazy Yiuf
  2265 | D:3      | Killed Crazy Yiuf
  2325 | D:4      | Reached XP level 6. HP: 28/33 MP: 7/7
  2494 | D:4      | Reached skill level 1 in Dodging
  2587 | D:4      | Reached XP level 7. HP: 18/37 MP: 8/8
  3320 | D:5      | Entered Level 5 of the Dungeon
  3466 | D:4      | Reached skill level 5 in Axes
  3642 | D:5      | Gained mutation: You have razor-sharp teeth. [Vine Stalker
                  | growth]
  3642 | D:5      | Reached XP level 8. HP: 30/42 MP: 9/9
  3728 | D:5      | Reached skill level 5 in Shields
  3844 | D:5      | Found a shadowy altar of Dithmenos.
  3957 | D:6      | Noticed Dowan
  3957 | D:6      | Noticed Duvessa
  3969 | D:6      | Killed Dowan
  3984 | D:6      | Killed Duvessa
  4221 | D:6      | Noticed Pikel
  4292 | D:6      | Killed Pikel
  4292 | D:6      | Reached XP level 9. HP: 42/46 MP: 8/10
  5269 | D:6      | Reached skill level 5 in Fighting
  5434 | D:6      | Found a staircase to the Ecumenical Temple.
  5472 | Temple   | Entered the Ecumenical Temple
  5644 | Temple   | Became a worshipper of Warmaster Okawaru
  5790 | D:6      | HP: 1/47 [electric eel/bolt of electricity (9)]
  5791 | D:6      | Killed from afar by an electric eel

Skill      XL: |  1  2  3  4  5  6  7  8  9 |
---------------+----------------------------+-----
Axes           | 2 3 4 5 6 |  6.9
Shields        | 3 4 5 6 |  6.2
Fighting       | 3 4 5 |  5.0
Armour         | 3 4 |  4.5
Dodging        | 1 2 |  2.0
Stealth        | |  0.2

Action                   |  1- 3 |  4- 6 |  7- 9 || total
-------------------------+-------+-------+-------++-------
Melee: War axe           |    91 |   166 |   275 ||   532
       Bite              |    21 |    40 |    95 ||   156
  Use: Scroll            |       |     6 |     4 ||    10
  Eat: Chunk             |       |     6 |     6 ||    12
       Ration            |       |       |     1 ||     1
Armor: Scale mail        |    42 |    80 |    10 ||   132
       Chain mail        |       |       |   127 ||   127
Dodge: Dodged            |    33 |    46 |    54 ||   133
Block: Shield            |    50 |    85 |   147 ||   282
